 Dungeon Crawl Stone Soup version 0.16-a0-3354-g045d5c7 (webtiles) character file.

1846 4tharraofdagon the Destroyer (level 9, 0/45 HPs)
             Began as a Tengu Fire Elementalist on Dec 29, 2014.
             Was a Priest of Vehumet.
             Slain by a two-headed ogre
             ... wielding a +0 giant club
              (9 damage)
             ... on level 8 of the Dungeon.
             The game lasted 00:23:51 (2616 turns).

4tharraofdagon the Destroyer (TeFE)                 Turns: 2616, Time: 00:23:51

Health: 0/45       AC:  3    Str:  8    XL:     9   Next: 12%
Magic:  6/22       EV: 12    Int: 22    God:    Vehumet [***...]
Gold:   331        SH:  0    Dex: 15    Spells: 4 memorised, 4 levels left

rFire  . . .     SeeInvis .     v - +6 whip "Pronwa" {freeze, Int+3 Stlth+}
rCold  . . .     Clarity  .     m - +1 animal skin
rNeg   . . .     SustAb   .     (no shield)
rPois  .         Gourm    .     (helmet restricted)
rElec  .         Spirit   .     (no cloak)
rCorr  .         Warding  .     (no gloves)
rMut   .         Stasis   .     (boots unavailable)
MR     .....                    (no amulet)
Stlth  +++.......               u - ring of wizardry
                                (no ring)

@: not resistant to hostile enchantments, fairly stealthy
A: able to fly, beak, talons 3
a: Fly, Renounce Religion


You were on level 8 of the Dungeon.
You worshipped Vehumet.
Vehumet was most pleased with you.
You were not hungry.

You visited 1 branch of the dungeon, and saw 8 of its levels.
You also visited: Bailey.

You collected 331 gold pieces.

Inventory:

Hand weapons
 d - a +5 short sword of flaming
 p - a +0 blowgun
 v - the +6 whip "Pronwa" (weapon) {freeze, Int+3 Stlth+}
   (You found it on level 6 of the Dungeon)

   It has been specially enchanted to freeze those struck by it, causing extra
   injury to most foes and up to half as much damage over again against
   particularly susceptible opponents.
   It can also slow down cold-blooded creatures.
   It affects your intelligence (+3).
   It makes you more stealthy.
Armour
 a - a cursed +0 robe
 m - a +1 animal skin (worn)
Jewellery
 k - a cursed ring of invisibility
 r - a -3 ring of evasion
 u - a ring of wizardry (right hand)
Magical devices
 n - a wand of paralysis (4)
Scrolls
 h - a scroll of teleportation {unknown}
 o - 3 scrolls of remove curse
 t - a scroll of amnesia {unknown}
 y - a scroll of fear {unknown}
Potions
 e - a potion of resistance
 f - a potion of cancellation
 j - a potion of poison
 q - a potion of heal wounds
 s - a potion of magic {unknown}
 w - a potion of degeneration {unknown}
 x - a potion of might {unknown}
Books
 b - a book of Flames

   Spells                             Type                      Level
   a - Flame Tongue                   Conjuration/Fire             1
   b - Throw Flame                    Conjuration/Fire             2
   c - Conjure Flame                  Conjuration/Fire             3
   d - Inner Flame                    Hexes/Fire                   3
   e - Sticky Flame                   Conjuration/Fire             4
   f - Fireball                       Conjuration/Fire             5
Comestibles
 c - 8 bread rations
 i - 2 meat rations
 l - 3 beef jerkies


   Skills:
 - Level 2.1 Dodging
 - Level 2.0 Stealth
 + Level 4.8 Spellcasting
 * Level 9.3 Conjurations
 * Level 9.0 Fire Magic


You had 4 spell levels left.
You knew the following spells:

 Your Spells              Type           Power        Failure   Level  Hunger
a - Flame Tongue          Conj/Fire      #####        1%          1    None
b - Conjure Flame         Conj/Fire      #####...     1%          3    ##.....
c - Sticky Flame          Conj/Fire      #####...     1%          4    ####...
d - Fireball              Conj/Fire      #####.....   1%          5    #####..


Dungeon Overview and Level Annotations

Branches:
Dungeon (8/15)             Temple (0/1) D:4
   Lair: D:8-11

Altars:
Okawaru
Sif Muna
Vehumet

Shops:
D:7 ((

Annotations:
D:8 Edmund


Innate Abilities, Weirdness & Mutations

You can fly.
You have a beak for a mouth.
You have claws for feet.


Message History

Aiming: Flame Tongue
Press: ? - help, Shift-Dir - straight line, f/p - two-headed ogre
Aim: a two-headed ogre, wielding two giant clubs (lightly wounded)
The flame tongue hits the two-headed ogre.
The two-headed ogre is lightly wounded.
Edmund gestures with his flail.
Casting: Flame Tongue
Confirm with . or Enter, or press ? or * to list all spells.
Aiming: Sticky Flame
Press: ? - help, Shift-Dir - straight line, f/p - two-headed ogre
Aim: a two-headed ogre, wielding two giant clubs (flame, lightly wounded)
The sticky flame hits the two-headed ogre.
The two-headed ogre is moderately wounded.
The two-headed ogre is covered in liquid flames!
The two-headed ogre burns!
The two-headed ogre is engulfed in roaring flames.
The two-headed ogre hits you with a giant club!!
* * * LOW HITPOINT WARNING * * *
The two-headed ogre hits you with a giant club!
You die...

......c #......
.......##.......
...........##.....
........<..#.......
########...#.......
#.................
#.................#
#.......@...#####.
#.........#...O@#
........!#######
......... .........
..J..... ....$..
..###


You could see Edmund and a two-headed ogre (burning).

Vanquished Creatures
  A spriggan (D:7)
  A wraith (D:7)
  Menkaure (D:5)
  The ghost of wojtek the Cutter, an average KoBe of Trog (D:3)
  An ice beast (D:7)
  4 orc warriors
  A phantom (D:5)
  3 centaurs
  A crocodile (D:7)
  2 hounds
  A crimson imp (D:6)
  A centaur skeleton (D:7)
  An orc priest (D:3)
  A jelly (D:6)
  An orc wizard (D:7)
  A giant frog skeleton (D:6)
  A worker ant (D:6)
  A hound zombie (D:5)
  A mummy (D:7)
  Robin (D:2)
  5 adders
  A giant mite (D:4)
  A worm (D:2)
  3 giant geckos
  An ooze (D:4)
  12 orcs
  5 giant cockroaches
  9 hobgoblins
  8 jackals
  8 kobolds
  4 quokkas
  3 ball pythons
  6 bats
  4 giant newts
  13 goblins
  A quokka skeleton (D:4)
  7 rats
117 creatures vanquished.

Notes
Turn   | Place    | Note
--------------------------------------------------------------
     0 | D:1      | 4tharraofdagon, the Tengu Fire Elementalist, began the quest for the Orb.
     0 | D:1      | Reached XP level 1. HP: 10/10 MP: 3/3
    77 | D:1      | Reached XP level 2. HP: 13/15 MP: 0/5
   141 | D:1      | Found a radiant altar of Vehumet.
   147 | D:1      | Became a worshipper of Vehumet
   315 | D:2      | Reached skill level 4 in Fire Magic
   380 | D:2      | Reached XP level 3. HP: 8/19 MP: 5/7
   404 | D:2      | Learned a level 3 spell: Conjure Flame
   508 | D:2      | Noticed Robin
   573 | D:2      | Killed Robin
   667 | D:2      | Reached XP level 4. HP: 20/24 MP: 6/9
   752 | D:2      | Acquired Vehumet's first power
   752 | D:2      | Offered knowledge of Sting by Vehumet.
   917 | D:4      | Noticed an ogre
  1000 | D:4      | Reached XP level 5. HP: 23/28 MP: 0/11
  1032 | D:4      | Learned a level 4 spell: Sticky Flame
  1039 | D:4      | Found a staircase to the Ecumenical Temple.
  1103 | D:4      | Reached skill level 5 in Fire Magic
  1167 | D:3      | Noticed wojtek's ghost (average KoBe)
  1201 | D:3      | Killed wojtek's ghost
  1201 | D:3      | Reached XP level 6. HP: 32/32 MP: 6/14
  1322 | D:5      | Entered Level 5 of the Dungeon
  1339 | D:5      | Reached skill level 5 in Conjurations
  1446 | D:5      | Reached skill level 6 in Fire Magic
  1451 | D:5      | Offered knowledge of Magic Dart by Vehumet.
  1554 | D:5      | Reached XP level 7. HP: 23/36 MP: 11/17
  1556 | D:5      | Noticed Menkaure
  1603 | D:5      | Killed Menkaure
  1782 | D:6      | Learned a level 5 spell: Fireball
  1822 | D:6      | Got a translucent whip
  1823 | D:6      | Identified the +6 whip "Pronwa" {freeze, Int+3 Stlth+} (You found it on level 6 of the Dungeon)
  1925 | D:7      | Found a deep blue altar of Sif Muna.
  1931 | D:7      | Found an iron altar of Okawaru.
  1940 | D:7      | Noticed a spriggan baker
  1945 | D:7      | Killed a spriggan baker
  1945 | D:7      | Reached skill level 7 in Conjurations
  2012 | D:7      | Reached XP level 8. HP: 39/41 MP: 11/19
  2187 | D:7      | Noticed a wraith
  2198 | D:7      | Killed a wraith
  2239 | D:7      | Found a flagged portal.
  2246 | Bailey   | Entered a bailey
  2246 | Bailey   | Noticed an orc knight
  2248 | Bailey   | Noticed an orc knight
  2248 | Bailey   | Noticed an orc knight
  2249 | Bailey   | Reached skill level 8 in Conjurations
  2250 | Bailey   | Offered knowledge of Searing Ray by Vehumet.
  2271 | Bailey   | Noticed an orc knight
  2392 | D:7      | Reached skill level 9 in Conjurations
  2420 | D:7      | Acquired Vehumet's second power
  2420 | D:7      | Reached XP level 9. HP: 28/45 MP: 2/21
  2452 | D:7      | Found Psyigur's Antique Weapon Shop.
  2459 | D:7      | Found Khoqiomu's Antique Weapon Boutique.
  2615 | D:8      | Noticed Edmund
  2616 | D:8      | Slain by a two-headed ogre

Action                   |  1- 3 |  4- 6 |  7- 9 || total
-------------------------+-------+-------+-------++-------
Melee: Short sword       |    43 |    57 |     2 ||   102
       Whip              |       |       |    23 ||    23
 Cast: Flame Tongue      |    34 |    51 |    55 ||   140
       Conjure Flame     |     1 |     5 |     8 ||    14
       Sticky Flame      |       |     1 |     5 ||     6
       Fireball          |       |       |     9 ||     9
Evoke: Wand              |       |       |     2 ||     2
  Use: Scroll            |     2 |     3 |     4 ||     9
       Potion            |       |       |     1 ||     1
 Stab: Sleeping          |       |     1 |       ||     1
  Eat: Chunk             |       |     2 |       ||     2
       Fruit             |       |     2 |     4 ||     6
       Pizza             |       |       |     1 ||     1
       Beef jerky        |       |       |     1 ||     1
       Royal jelly       |       |       |     1 ||     1

Vault maps used:
D:1:      dpeg_arrival_renting, hangedman_abyss_or_decor_lesser_grid,
          kennysheep_flooded_box, corexii_leaking_fountain, dk_noncrumbling_3
D:2:      minmay_misc_feat_ornament, uniq_robin
D:3:      gammafunk_temple_overflow_elements
D:4:      minmay_temple_entry_butterflies, first_bread
D:5:      black_bear_nest_1, serial_co_window_serial,
          co_window_of_opportunity_a, co_window_corner_a, co_window_paths_a,
          co_window_of_opportunity_a, co_window_paths_b, co_window_corner_ca,
          co_window_corner_cb, co_window_paths_c, co_window_of_opportunity_c,
          glass_columns_a, glass_columns_c, basic_altar,
          grunt_gozag_breadcrumbs, uniq_blork_the_orc, uniq_grinder,
          uniq_menkaure
D:6:      grunt_qazlal_clouds
D:7:      okawaru_gym_becter, serial_shops, shop, shop, shop, enter_bailey_2,
          basic_altar, the_bakery, wad_mini_maze
D:8:      nicolae_overflow_hidden_temple, david_lair_shrubbed,
          serial_park_tiny_pond, uniq_eustachio, uniq_edmund
Bailey:   bailey_polearm_4, bailey
